 Dungeon Crawl Stone Soup version 0.27.0-1-g7a08968 (webtiles) character file.

Game seed: 13182326177585335046

135 Illumine the Chopper (level 4, -1/41 HPs)
             Began as a Minotaur Fighter on Aug 2, 2021.
             Slain by an orc (3 damage)
             ... on level 3 of the Dungeon.
             The game lasted 00:01:49 (2433 turns).

Illumine the Chopper (Minotaur Fighter)             Turns: 2433, Time: 00:01:49

Health: -1/41      AC: 12    Str: 21    XL:     4   Next: 97%
Magic:  3/3        EV:  5    Int:  5    God:
Gold:   106        SH:  9    Dex: 10    Spells: 3/3 levels left

rFire    . . .     SeeInvis .   a - +0 war axe
rCold    . . .     Faith    .   c - +0 kite shield
rNeg     . . .     Spirit   .   d - +0 chain mail
rPois    .         Reflect  .   (helmet restricted)
rElec    .         Harm     .   g - +2 cloak
rCorr    .         Rampage  .   (no gloves)
Will     .....                  (no boots)
Stlth    ..........             (no amulet)
HPRegen  0.13/turn              (no ring)
MPRegen  0.08/turn              (no ring)

@: no status effects
A: horns 2, retaliatory headbutt
a: no special abilities


You were on level 3 of the Dungeon.
You visited 1 branch of the dungeon, and saw 3 of its levels.

You collected 106 gold pieces.

Inventory:

Hand Weapons
 a - a +0 war axe (weapon)
Armour
 b - a +0 scale mail
 c - a +0 kite shield (worn)
 d - a +0 chain mail (worn)
 g - a +2 cloak (worn)
Scrolls
 e - 3 scrolls of blinking {unknown}
 f - 2 scrolls of identify {unknown}
 j - a scroll of immolation {unknown}
 k - a scroll of silence {unknown}
 l - a scroll of magic mapping {unknown}
Potions
 h - 2 potions of heal wounds {unknown}
 i - a potion of mutation {unknown}


   Skills:
 + Level 4.6 Fighting
 * Level 4.8 Axes
 + Level 3.6 Armour
 + Level 4.6 Shields


You had 3 spell levels left.
You didn't know any spells.
Your spell library contained the following spells:

 Spells                   Type           Power      Damage    Failure   Level
 Cause Fear               Hex            0%         N/A       100%        4
 Dragon Form              Tmut           0%         N/A       100%        7
 Dragon's Call            Summ           0%         N/A       100%        9


Dungeon Overview and Level Annotations

Branches:
Dungeon (3/15)

Altars:

Annotations:
D:3 Grinder


Innate Abilities, Weirdness & Mutations

You have a pair of horns on your head.
You reflexively headbutt those who attack you in melee.


Message History

The orc shouts!
Your headbutt misses Grinder.
Grinder is heavily wounded.
You hit the orc. Grinder hits you but does no damage.
You block the orc's attack.
You barely miss Grinder. Your headbutt misses Grinder.
Grinder is heavily wounded.
Your shield and chain mail prevent you from hitting the orc.
Grinder hits you but does no damage. The orc hits you but does no damage.
Grinder hits you. You block the orc's attack.
You slash Grinder! Your headbutt misses Grinder.
Grinder is severely wounded.
You closely miss the orc. Grinder hits you but does no damage.
The orc hits you but does no damage.
Your chain mail prevents you from hitting Grinder.
Grinder is severely wounded.
Your shield prevents you from hitting the orc.
Grinder gestures at you.
You suddenly lose the ability to move!
The orc hits you but does no damage. Grinder hits you.
You writhe in agony.
The orc barely misses you. Grinder hits you but does no damage.
The orc hits you but does no damage. Grinder gestures at you.
Pain shoots through your body! The orc hits you but does no damage.
Grinder hits you.
You writhe in agony.
The orc hits you but does no damage. Grinder hits you.
You writhe in agony.
* * * LOW HITPOINT WARNING * * *
The orc hits you with a +0 club.
* * * LOW HITPOINT WARNING * * *
Grinder gestures at you.
You barely resist. The orc hits you but does no damage.
You can move again.
You hit Grinder.
Grinder is severely wounded.
You barely miss the orc. Grinder hits you.
* * * LOW HITPOINT WARNING * * *
You writhe in agony.
* * * LOW HITPOINT WARNING * * *
The orc hits you but does no damage. Grinder hits you but does no damage.
The orc hits you with a +0 club.
You die...

.... ...
... ####.#
....# #..#
#..#######
#..@5o...#
#.o#####.#
#..# #..#
#..# #..#
#... #.##


You could see Grinder and 2 orcs.

Vanquished Creatures
  Terence (D:2)
  Robin (D:2)
  2 adders (D:2)
  6 ball pythons
  3 endoplasms
  2 giant cockroaches (D:2)
  12 hobgoblins
  12 jackals
  6 kobolds
  3 quokkas
  3 bats
  A frilled lizard (D:1)
  14 goblins
  6 rats
72 creatures vanquished.

Vanquished Creatures (others)
  8 plants (D:2)
8 creatures vanquished.

Grand Total: 80 creatures vanquished

Notes
Turn   | Place    | Note
-------+----------+-------------------------------------------
     0 | D:1      | Illumine the Minotaur Fighter began the quest for the Orb.
     0 | D:1      | Reached XP level 1. HP: 19/19 MP: 0/0
   271 | D:1      | Reached XP level 2. HP: 18/27 MP: 1/1
   385 | D:1      | Found a faded altar of an unknown god.
   728 | D:1      | Reached XP level 3. HP: 30/33 MP: 2/2
  1356 | D:2      | Noticed Robin
  1374 | D:2      | Reached XP level 4. HP: 26/40 MP: 3/3
  1381 | D:2      | Killed Robin
  1924 | D:2      | Noticed Terence
  1939 | D:2      | HP: 1/41 [something (5)]
  1941 | D:2      | Killed Terence
  2414 | D:3      | Noticed Grinder
  2426 | D:3      | Paralysed by Grinder for 7 turns
  2433 | D:3      | HP: 2/41 [Grinder (1)]
  2433 | D:3      | Slain by an orc

Illustrated notes

Levels and vault maps discovered:
D:1:      dpeg_arrival_stone_temple_mockup, layout_basic, serial_curves,
          eino_curves_01, eino_curves_03, eino_curves_01, eino_curves_01,
          hellmonk_ecumenical_altar_lost_god, minmay_misc_feat_square
D:2:      layout_loops_corners, serial_forest, infiniplex_forest_lined_room_3,
          infiniplex_forest_corner_2, infiniplex_forest_clump_small,
          infiniplex_forest_end_2, infiniplex_forest_lined_room_2,
          infiniplex_forest_clump_curved, infiniplex_forest_lined_room_3,
          infiniplex_forest_clump_double, infiniplex_forest_lined_3,
          infiniplex_forest_straight_2, uniq_robin, uniq_terence
D:3:      layout_loops_ring, mainiacjoe_overflow_concentric_impassable,
          cheibrodos_ashenzari_chains, mainiacjoe_overflow_alcove_1,
          item_on_display_a, uniq_sigmund, uniq_grinder

Skill      XL: |  1  2  3 |
---------------+----------+-----
Axes           | 3 4 |  4.8
Shields        | 4 |  4.6
Fighting       | 4 |  4.6
Armour         | |  3.6

Action                   |  1- 3 |  4- 6 || total
-------------------------+-------+-------++-------
Melee: War axe           |    82 |    69 ||   151
       Headbutt          |     9 |    10 ||    19
  Use: Potion            |       |     2 ||     2
Armor: Scale mail        |    73 |    32 ||   105
       Chain mail        |       |    17 ||    17
Dodge: Dodged            |    34 |    20 ||    54
Block: Kite shield       |    71 |    32 ||   103
